 Dungeon Crawl Stone Soup version 0.30-a0-54-g2e61a25929 (webtiles) character file.

Game seed: 15176043233506459967

53 IdlyInterested the Shield-Bearer (level 4, 0/35 HPs)
             Began as a Formicid Fighter on Sept 8, 2022.
             Slain by a phantom (3 damage)
             ... on level 4 of the Dungeon.
             The game lasted 00:05:28 (1450 turns).

IdlyInterested the Shield-Bearer (Formicid Fighter) Turns: 1450, Time: 00:05:29

Health: 0/35       AC:  9    Str: 21    XL:     4   Next: 11%
Magic:  4/4        EV:  7    Int:  7    God:
Gold:   129        SH:  5    Dex: 15    Spells: 3/3 levels left

rFire   . . .      SeeInvis +    a - +0 rapier
rCold   . . .      Faith    .    c - +0 buckler
rNeg    . . .      Spirit   .    n - +0 chain mail
rPois   .          Reflect  .    (helmet unavailable)
rElec   .          Harm     .    (no cloak)
rCorr   .          Rampage  .    (no gloves)
Will    .....                    (no boots)
Stlth   ..........               (no amulet)
HPRegen 0.11/turn                (no ring)
MPRegen 0.09/turn                (no ring)

@: mighty
A: permanent stasis, dig shafts and tunnels, antennae 3, four strong arms
a: Dig, Shaft Self


You were on level 4 of the Dungeon.
You visited 1 branch of the dungeon, and saw 3 of its levels.

You collected 129 gold pieces.

Inventory:

Hand Weapons
 a - a +0 rapier (weapon)
Missiles
 i - 4 boomerangs (quivered)
 k - 6 javelins
Armour
 c - a +0 buckler (worn)
 n - a +0 chain mail (worn)
Magical Staves
 f - a staff of air
Jewellery
 e - a ring of fire
Wands
 m - a wand of polymorph (3)
Scrolls
 g - a scroll of enchant armour {unknown}
 j - 4 scrolls of identify
 l - a scroll of enchant weapon {unknown}
Potions
 b - 2 potions of curing
 h - a potion of magic {unknown}


   Skills:
 - Level 3.2 Fighting
 + Level 2.6 Short Blades
 + Level 0.5 Throwing
 - Level 3.2 Armour
 - Level 1.0 Dodging
 * Level 3.1 Stealth
 - Level 4.0 Shields


You had 3 spell levels left.
You didn't know any spells.
Your spell library contained the following spells:

 Spells                   Type           Power      Damage    Failure   Level
 Necrotise                Necr           0%         1d4       99%         1
 Vampiric Draining        Necr           0%         2d6       100%        3
 Agony                    Necr           0%         N/A       100%        5


Dungeon Overview and Level Annotations

Branches:
Dungeon (2/15)

Altars:


Innate Abilities, Weirdness & Mutations

You cannot be hasted, slowed, berserked, paralysed or teleported.
You can dig through walls and to a lower floor.
You have a pair of large antennae on your head. (SInv)
Your four strong arms can wield two-handed weapons with a shield.


Message History

You barely miss the phantom.
The phantom is lightly damaged.
The orc barely misses you.
The phantom hits you but does no damage.
You barely miss the phantom.
The phantom is lightly damaged.
The orc closely misses you. The phantom closely misses you.
You barely miss the phantom.
The phantom is lightly damaged.
You block the orc's attack. The phantom hits you.
The orc hits you but does no damage. The phantom hits you.
You barely miss the phantom.
The phantom is lightly damaged.
The orc closely misses you.
The phantom hits you but does no damage.
You barely miss the phantom.
The phantom is lightly damaged.
The orc barely misses you.
The phantom hits you but does no damage.
You feel very mighty all of a sudden. The orc hits you with a +0 club.
The phantom closely misses you.
You closely miss the phantom.
The phantom is lightly damaged.
You block the orc's attack. The phantom completely misses you.
You closely miss the phantom.
The phantom is lightly damaged.
The phantom hits you. The orc hits you with a +0 club.
You miss the phantom.
The phantom is lightly damaged.
The orc hits you with a +0 club.
* * * LOW HITPOINT WARNING * * *
The phantom hits you but does no damage.
You puncture the orc!
You kill the orc!
The phantom hits you.
* * * LOW HITPOINT WARNING * * *
You closely miss the phantom.
The phantom is lightly damaged.
The phantom hits you.
You die...

.. .# ## ....
##### ##### .#.
###...# #...###
.. #.....#
##.....##.#
.....##
#.......#W# $#
.....#
#.......@)#.###
.....#
#...............
....##
##.)...†...#.###.
....#
#..............
...##
#........####..#
...#####........#
..#
##....##........#
.#
####..........##
####.......#


You could see a phantom.

Vanquished Creatures
  An adder (D:2)
  A worm (D:2)
  2 dart slugs
  2 orcs (D:4)
  3 ball pythons
  A bat (D:2)
  An endoplasm (D:2)
  A giant cockroach (D:1)
  7 hobgoblins
  4 quokkas
  4 frilled lizards
  3 goblins
  A kobold (D:2)
  2 rats
33 creatures vanquished.

Notes
Turn   | Place    | Note
-------+----------+-------------------------------------------
     0 | D:1      | IdlyInterested the Formicid Fighter began the quest for the
                  | Orb.
     0 | D:1      | Reached XP level 1. HP: 18/18 MP: 1/1
    40 | D:1      | Reached skill level 1 in Stealth
   110 | D:1      | Found a faded altar of an unknown god.
   122 | D:1      | Reached XP level 2. HP: 21/24 MP: 2/2
   890 | D:2      | Reached skill level 1 in Dodging
   890 | D:2      | Reached XP level 3. HP: 28/29 MP: 3/3
  1362 | D:2      | Reached XP level 4. HP: 31/35 MP: 4/4
  1399 | D:2      | You fall into a shaft and drop 2 floors!
  1432 | D:4      | Noticed a phantom
  1450 | D:4      | Slain by a phantom

Illustrated notes

Levels and vault maps discovered:
D:1:      lemuel_arrival_rhombus, layout_basic,
          hellmonk_ecumenical_altar_lost_god, supply_closet_lemuel,
          nicolae_kite_square_tiling_tiny, st_stairs_10,
          minmay_tree_intersection
D:2:      layout_basic, st_stairs_14, chequers_serial_rivers_small_b
D:4:      layout_cave_pods, bloody_makhleb, nicolae_uskayaw_en_pointe,
          lemuel_coloured_pillars_altar, serial_rivers,
          chequers_serial_rivers_micro_b, chequers_serial_rivers_micro_c,
          chequers_serial_rivers_marsh, chequers_serial_rivers_small_b,
          glass_columns_a, minmay_surrounded

Skill      XL: |  1  2  3 |
---------------+----------+-----
Stealth        | 1 2 3 |  3.1
Dodging        | 1 |  1.0
Fighting       | |  3.2
Short Blades   | |  2.6
Throwing       | |  0.5
Armour         | |  3.2
Shields        | |  4.0

Action                   |  1- 3 |  4- 6 || total
-------------------------+-------+-------++-------
Melee: Rapier            |   113 |    19 ||   132
       Unarmed           |     4 |       ||     4
Throw: Boomerang         |     4 |       ||     4
  Use: Scroll            |     5 |       ||     5
       Potion            |       |     1 ||     1
Armor: Scale mail        |    23 |       ||    23
       Chain mail        |    35 |     9 ||    44
Dodge: Dodged            |    42 |     8 ||    50
Block: Buckler           |    24 |     2 ||    26

Table legend: (Time is in decaauts)
 A = Elapsed time spent in this place.
 B = Non-inter-level travel time spent in this place.
 C = Inter-level travel time spent in this place.
 D = Time resting spent in this place.
 E = Time spent auto-exploring this place.
 F = Levels seen in this place.
 G = Mean time per level.
                   A        B        C        D        E       F      G
               +--------+--------+--------+--------+--------+-----+--------+
         Total |   1467 |   1361 |    106 |    128 |    742 |   3 |  489.0 |
       Dungeon |   1467 |   1361 |    106 |    128 |    742 |   3 |  489.0 |
               +--------+--------+--------+--------+--------+-----+--------+

Top non-repeatable levels by time:
     D:1: 1019 daAuts
     D:2: 396 daAuts
     D:4: 52 daAuts
